 Dungeon Crawl Stone Soup version 0.29.1-15-g9cfb28693d (webtiles) character file.

Game seed: 10766241334983095335

7 Barneous the Poker (level 2, -3/22 HPs)
             Began as a Human Wanderer on Mar 13, 2023.
             Slain by a quokka (4 damage)
             ... on level 1 of the Dungeon.
             The game lasted 00:01:35 (179 turns).

Barneous the Poker (Human Wanderer)                  Turns: 179, Time: 00:01:37

Health: -3/22      AC:  3    Str: 13    XL:     2   Next: 5%
Magic:  2/2        EV:  8    Int:  8    God:
Gold:   30         SH:  0    Dex: 15    Spells: 1/1 levels left

rFire   . . .      SeeInvis .   a - +2 spear
rCold   + . .      Faith    .   (no shield)
rNeg    . . .      Spirit   .   g - +1 robe {rC+}
rPois   .          Reflect  .   (no helmet)
rElec   .          Harm     .   (no cloak)
rCorr   .          Rampage  .   (no gloves)
Will    .....                   (no boots)
Stlth   +.........              (no amulet)
HPRegen 0.07/turn               (no ring)
MPRegen 0.08/turn               (no ring)

@: constricted
A: no striking features
a: no special abilities


You were on level 1 of the Dungeon.
You visited 1 branch of the dungeon, and saw 1 of its levels.

You collected 30 gold pieces.

Inventory:

Hand Weapons
 a - a +2 spear (weapon)
Missiles
 c - 7 boomerangs (quivered)
Armour
 g - a +1 robe of cold resistance (worn)
Potions
 b - a potion of cancellation
 e - a potion of curing


   Skills:
 + Level 2.0 Fighting
 + Level 1.1 Long Blades
 + Level 4.0 Polearms
 + Level 2.0 Throwing
 + Level 0.3 Armour
 + Level 0.2 Dodging
 + Level 0.3 Stealth
 + Level 1.1 Evocations


You had one spell level left.
You didn't know any spells.
Your spell library was empty.

Dungeon Overview and Level Annotations

Branches:
Dungeon (1/15)

Altars:


Message History

You closely miss the goblin.
The goblin is moderately wounded.
The goblin hits you with a +0 dagger.
You barely miss the goblin.
The goblin is moderately wounded.
The goblin misses you.
You barely miss the goblin.
The goblin is moderately wounded.
The goblin hits you but does no damage.
You hit the goblin.
You kill the goblin!
The quokka bites you. The ball python bites you.
The ball python closely misses you.
You have reached level 2!
You closely miss the quokka. The quokka bites you.
The ball python closely misses you. The ball python grabs you.
The ball python constricts you.
The quokka bites you but does no damage.
You barely miss the ball python. The ball python bites you.
The ball python constricts you.
The quokka bites you but does no damage.
You are too injured to fight recklessly!
You are too injured to fight recklessly!
You are too injured to fight recklessly!
You are too injured to fight recklessly!
You barely miss the ball python. The ball python bites you.
The ball python constricts you. The quokka bites you.
* * * LOW HITPOINT WARNING * * *
You hit the ball python.
The ball python is heavily wounded.
The ball python bites you.
* * * LOW HITPOINT WARNING * * *
The ball python constricts you. The quokka closely misses you.
You hit the ball python.
The ball python is severely wounded.
The ball python bites you but does no damage.
The ball python constricts you.
* * * LOW HITPOINT WARNING * * *
The quokka bites you.
You die...

#..........########
#..................
##..................
#>.........)........
#......[............
#...................
#...................
######...........†.......
+....#........@S.........
.###..........r)..........
...............###......
....####......[... ######
.) #.......##.. ..
####.......# .. .#
##.#.###....# .# #.#.##
#....# ##++## .# ##.#.#
....##.. ##....##


You could see a quokka and a ball python.

Vanquished Creatures
  An endoplasm (D:1)
  A giant cockroach (D:1)
  2 goblins (D:1)
  A bat (D:1)
  A frilled lizard (D:1)
6 creatures vanquished.

Notes
Turn   | Place    | Note
-------+----------+-------------------------------------------
     0 | D:1      | Barneous the Human Wanderer began the quest for the Orb.
     0 | D:1      | Barneous set off with the following items: a +2 spear, a +0
                  | falchion, 7 boomerangs, a +0 dagger, a potion of curing, a
                  | +0 leather armour.
     0 | D:1      | Reached XP level 1. HP: 16/16 MP: 1/1
   175 | D:1      | Reached XP level 2. HP: 16/22 MP: 2/2
   179 | D:1      | HP: 1/22 [constriction (1)]
   179 | D:1      | Slain by a quokka

Illustrated notes

Levels and vault maps discovered:
D:1:      dpeg_arrival_refuge, layout_basic, serial_shops,
          nicolae_lakefront_shop, st_stairs_8, minivault_24

Action                   || total
-------------------------++-------
Melee: Spear             ||    17
       Punch             ||     1
Throw: Boomerang         ||     2
  Use: Potion            ||     2
       Scroll            ||     1
 Stab: Sleeping          ||     1
Armor: Robe              ||     5
       Leather armour    ||     1
Dodge: Dodged            ||     5
